 Dungeon Crawl Stone Soup version 0.30-a0-1016-gfb0d676c02 (webtiles) character file.

Game seed: 9410310378967839270

13201 jtron the Fighter (level 12, -6/87 HPs)
             Began as a Gnoll Wanderer on Apr 5, 2023.
             Was a Priest of Hepliaklqana.
             Mangled by a skeletal warrior
             ... wielding a +0 trident
              (13 damage)
             ... on level 11 of the Dungeon on Apr 6, 2023.
             The game lasted 00:45:59 (11319 turns).

jtron the Fighter (Gnoll Wanderer)                 Turns: 11319, Time: 00:46:00

Health: -6/87      AC:  6    Str: 13    XL:     12   Next: 3%
Magic:  23/23      EV: 19    Int: 16    God:    Hepliaklqana [***...]
Gold:   830        SH:  0    Dex: 11    Spells: 18/26 levels left

rFire   . . .      SeeInvis .    b - +4 shortbow
rCold   . . .      Faith    .    (shield currently unavailable)
rNeg    . . .      Spirit   .    c - +0 robe
rPois   .          Reflect  .    O - +0 hat
rElec   .          Rampage  .    B - +0 cloak
rCorr   .                        (no gloves)
Will    .....                    m - +1 pair of boots
Stlth   +++                      (no amulet)
HPRegen 0.34/turn                j - +4 ring of slaying
MPRegen 0.18/turn                D - +5 ring of evasion

@: mighty, hasted, very quick
A: reduced essence, fangs 1, strong nose, distributed training
a: Renounce Religion, Recall Ancestor, Ancestor Identity, Transference


You were on level 11 of the Dungeon.
You worshipped Hepliaklqana.
Hepliaklqana was most pleased with you.
You visited 3 branches of the dungeon, and saw 13 of its levels.
You also visited: Ossuary.

You collected 830 gold pieces.

Inventory:

Hand Weapons
 a - a +4 heavy dire flail
 b - a +4 shortbow (weapon)
 e - a +0 spear
 f - a +0 club
 h - a +0 short sword
 n - a +1 short sword of protection
 o - a +3 dagger of flaming
 F - a +5 short sword of flaming
 H - a +4 long sword
 L - a +4 short sword of venom
 Q - a +1 great sword of freezing
 R - a +0 arbalest
Missiles
 g - 96 stones
 i - 3 atropa-tipped darts
 k - 30 poisoned darts
 J - a curare-tipped dart
Armour
 c - a +0 robe (worn)
 m - a +1 pair of boots (worn)
 B - a +0 cloak (worn)
 O - a +0 hat (worn)
Magical Staves
 q - a staff of air
Jewellery
 j - a +4 ring of slaying (left hand)
 C - a ring of flight
 D - a +5 ring of evasion (right hand)
 I - a ring of willpower
 S - a ring of resist corrosion
Wands
 s - a wand of polymorph (6)
 G - a wand of flame (24)
 T - a wand of iceblast (5)
Scrolls
 p - 2 scrolls of blinking
 r - 4 scrolls of teleportation
 v - a scroll of fog
 y - 3 scrolls of fear
 z - 4 scrolls of silence
 K - 3 scrolls of brand weapon
Potions
 d - a potion of attraction
 l - 2 potions of ambrosia
 t - 2 potions of cancellation
 u - a potion of haste
 x - 2 potions of flight
 A - 3 potions of mutation
 E - a potion of brilliance
 N - 3 potions of magic
 V - a potion of heal wounds


   Skills:
 + Level 9.7 Fighting
 + Level 7.1 Short Blades
 + Level 7.1 Long Blades
 + Level 7.1 Axes
 + Level 7.1 Maces & Flails
 + Level 7.1 Polearms
 + Level 7.1 Staves
 + Level 7.1 Ranged Weapons
 + Level 7.1 Throwing
 + Level 7.1 Armour
 + Level 7.1 Dodging
 + Level 7.1 Stealth
 + Level 7.1 Shields
 + Level 7.1 Unarmed Combat
 + Level 7.7 Spellcasting
 + Level 8.1 Conjurations
 + Level 5.9 Hexes
 + Level 5.9 Summonings
 + Level 5.9 Necromancy
 + Level 5.9 Translocations
 + Level 5.9 Transmutations
 + Level 8.1 Fire Magic
 + Level 5.9 Ice Magic
 + Level 5.9 Air Magic
 + Level 5.9 Earth Magic
 + Level 5.9 Poison Magic
 + Level 7.8 Invocations
 + Level 7.1 Evocations


You had 18 spell levels left.
You knew the following spells:

 Your Spells              Type           Power      Damage    Failure   Level
a - Foxfire               Conj/Fire      100%       2x1d9     1%          1
b - Stone Arrow           Conj/Erth      56%        3d10      1%          3
c - Flame Wave            Conj/Fire      32%        2d9       4%          4

Your spell library contained the following spells:

 Spells                   Type           Power      Damage    Failure   Level
 Apportation              Tloc           50%        N/A       1%          1
 Blink                    Tloc           50%        N/A       1%          2
 Lesser Beckoning         Tloc           50%        N/A       1%          2
 Momentum Strike          Conj/Tloc      56%        3d9       1%          2
 Sticky Flame             Conj/Fire      32%        2d5       4%          4
 Animate Armour           Summ/Erth      50%        N/A       10%         4
 Alistair's Intoxication  Tmut/Pois      16%        N/A       28%         5
 Blade Hands              Tmut           12%        N/A       28%         5
 Iron Shot                Conj/Erth      14%        9d4       69%         6


Dungeon Overview and Level Annotations

Branches:
Dungeon (11/15)            Temple (1/1) D:4            Lair (1/5) D:10
    Orc (0/2) D:9         Ossuary (visited)

Altars:
Ashenzari
Cheibriados
Dithmenos
Elyvilon
Fedhas
Gozag
Hepliaklqana
Kikubaaqudgha
Makhleb
Nemelex Xobeh
Okawaru
Qazlal
Ru
Sif Muna
Trog
Uskayaw
Vehumet
Wu Jian
Xom
Yredelemnul
Zin
The Shining One

Shops:
D:8 *

Annotations:
D:5 2 transporters


Innate Abilities, Weirdness & Mutations

Your life essence is reduced to manifest your ancestor. (-10% HP)
You have very sharp teeth.
Your uncanny sense of smell can sniff out nearby items.
Your experience applies equally to all skills.


Message History

You have reached level 12!
You feel agile.
Illuratum remembers more of his old skill.
You feel yourself speed up.
Illuratum casts a spell at the skeletal warrior.
The stone arrow hits the skeletal warrior!
The yak gores you but does no damage. The yak gores you!
The skeletal warrior barely misses Illuratum.
You feel very mighty all of a sudden.
Illuratum gestures at the skeletal warrior while chanting.
The stone arrow hits the skeletal warrior!
You shoot an arrow. The arrow hits the yak!
The yak is almost dead.
The skeletal warrior closely misses you.
The yak completely misses you. The yak misses you.
The skeletal warrior hits you from afar with a +0 trident!!
* * * LOW HITPOINT WARNING * * *
Illuratum hits the skeletal warrior with a +0 quarterstaff!
The skeletal warrior barely misses Illuratum.
You shoot an arrow. The arrow hits the yak!
The yak is moderately wounded.
The yak completely misses you. The yak misses you.
The skeletal warrior barely misses you.
The skeletal warrior closely misses you.
Illuratum hits the skeletal warrior with a +0 quarterstaff!
You shoot an arrow. The arrow hits the yak!
You kill the yak!
The skeletal warrior hits you from afar with a +0 trident!
* * * LOW HITPOINT WARNING * * *
The yak gores you.
* * * LOW HITPOINT WARNING * * *
The skeletal warrior hits you but does no damage.
The skeletal warrior hits Illuratum with a +0 heavy hand axe!
Illuratum is destroyed!
You see here a yak corpse.
You shoot an arrow.
The arrow closely misses the skeletal warrior.
The arrow barely misses the yak.
The skeletal warrior hits you with a +0 trident!
You die...

#..## ##..## ##..#
#..##### ##......###
##.........# ###.
##..........######.....
#......................
##..............@z......
#...............Yz......
#.................Y.....
!..........#(....z..##..
.........####.)..###.. .
.......### #..### ...
....#### ##)# ### #####
#.. ∆ # #..#


You could see 3 skeletal warriors and 2 yaks.

Vanquished Creatures
  2 two-headed ogres
  2 death yaks (D:10)
  A troll (D:10)
  10 yaks
  2 steam dragons (D:9)
  An orc warrior (D:9)
  A black bear (D:7)
  An ogre (D:5)
  4 wolves (Lair:1)
  A lemure (D:4)
  4 centaurs
  2 phantoms
  Blork the orc (D:6)
  3 bullfrogs
  2 kobold brigands
  10 scorpions
  A wight (D:7)
  8 killer bees (D:9)
  2 howler monkeys
  3 human zombies (Ossuary)
  3 hounds
  A jelly (D:7)
  4 orc priests
  2 gnoll boudas
  8 scorpion zombies (Ossuary)
  Natasha (thrice) (D:4)
  8 iguanas
  4 orc wizards
  3 mummies (Ossuary)
  13 gnolls
  3 adders
  2 shadow imps (D:5)
  A white imp (D:6)
  An ufetubus (D:5)
  2 worms
  3 dart slugs
  23 orcs
  14 ball pythons
  10 endoplasms
  A giant cockroach (D:1)
  A gnoll zombie (Ossuary)
  6 goblins
  6 hobgoblins
  6 jackals
  4 quokkas
  9 bats
  3 frilled lizards
  2 goblin zombies (Ossuary)
  4 hobgoblin zombies (Ossuary)
  18 kobolds
  3 orc zombies (Ossuary)
  5 rats
237 creatures vanquished.

Vanquished Creatures (collateral kills)
  2 two-headed ogres (D:9)
  A death yak (D:10)
  A skeletal warrior (D:11)
  A hornet (D:9)
  A shadow (D:10)
  6 yaks
  Edmund (D:6)
  An acid dragon (D:10)
  3 orc warriors
  A black bear (D:7)
  A wolf (Lair:1)
  A centaur (D:11)
  A bullfrog (D:9)
  2 kobold brigands
  7 wights
  4 killer bees (D:9)
  A howler monkey (D:9)
  2 orc priests
  A gnoll bouda (D:7)
  An ufetubus (D:5)
  10 orcs
  6 kobolds
  A quokka (D:10)
  2 rats (D:10)
58 creatures vanquished.

Vanquished Creatures (others)
  A centaur (D:11)
  A killer bee (D:9)
  4 battlemagi
  An orc wizard (D:9)
  51 foxfires
58 creatures vanquished.

Grand Total: 353 creatures vanquished

Notes
Turn   | Place    | Note
-------+----------+-------------------------------------------
     0 | D:1      | jtron the Gnoll Wanderer began the quest for the Orb.
     0 | D:1      | jtron set off with the following items: a +0 club, a scroll
                  | of silence, a +0 robe, a potion of attraction; and the
                  | following spells available to memorise: Foxfire, Stone
                  | Arrow, Flame Wave, Sticky Flame.
     0 | D:1      | Reached XP level 1. HP: 23/23 MP: 4/4
     2 | D:1      | Learned a level 1 spell: Foxfire
   274 | D:1      | Reached XP level 2. HP: 22/29 MP: 5/5
   606 | D:1      | Reached XP level 3. HP: 29/35 MP: 4/7
  1063 | D:2      | Found a glowing silver altar of Zin.
  1144 | D:2      | Reached skill level 1 in Invocations
  1203 | D:2      | Reached skill level 1 in Short Blades
  1203 | D:2      | Reached skill level 1 in Long Blades
  1203 | D:2      | Reached skill level 1 in Axes
  1203 | D:2      | Reached skill level 1 in Maces & Flails
  1203 | D:2      | Reached skill level 1 in Polearms
  1203 | D:2      | Reached skill level 1 in Staves
  1203 | D:2      | Reached skill level 1 in Ranged Weapons
  1203 | D:2      | Reached skill level 1 in Throwing
  1203 | D:2      | Reached skill level 1 in Armour
  1203 | D:2      | Reached skill level 1 in Dodging
  1203 | D:2      | Reached skill level 1 in Stealth
  1203 | D:2      | Reached skill level 1 in Shields
  1203 | D:2      | Reached skill level 1 in Unarmed Combat
  1203 | D:2      | Reached skill level 1 in Evocations
  1905 | D:3      | Reached XP level 4. HP: 41/41 MP: 8/8
  2035 | D:3      | Noticed a scorpion
  2047 | D:3      | Killed a scorpion
  2048 | D:3      | Reached skill level 1 in Hexes
  2048 | D:3      | Reached skill level 1 in Summonings
  2048 | D:3      | Reached skill level 1 in Necromancy
  2048 | D:3      | Reached skill level 1 in Translocations
  2048 | D:3      | Reached skill level 1 in Transmutations
  2048 | D:3      | Reached skill level 1 in Ice Magic
  2048 | D:3      | Reached skill level 1 in Air Magic
  2048 | D:3      | Reached skill level 1 in Earth Magic
  2048 | D:3      | Reached skill level 1 in Poison Magic
  2048 | D:3      | Reached XP level 5. HP: 47/47 MP: 3/9
  2217 | D:3      | Found a faded altar of an unknown god.
  2311 | D:3      | Learned a level 3 spell: Stone Arrow
  2934 | D:4      | Found a staircase to the Ecumenical Temple.
  2942 | D:4      | Noticed Grinder
  2946 | D:4      | Grinder changed into Grinder the lemure
  2946 | D:4      | Noticed Grinder
  2959 | D:4      | Killed Grinder the lemure
  2960 | D:4      | Reached XP level 6. HP: 47/53 MP: 9/11
  2963 | Temple   | Entered the Ecumenical Temple
  3188 | Temple   | Became a worshipper of Hepliaklqana the Forgotten
  3213 | D:4      | Found a sand-covered staircase.
  3214 | D:4      | Noticed Natasha
  3226 | D:4      | Killed Natasha
  3236 | D:4      | Noticed Natasha
  3239 | Ossuary  | Entered an ossuary
  3343 | Ossuary  | Reached skill level 7 in Fighting
  3343 | Ossuary  | Reached XP level 7. HP: 60/60 MP: 12/12
  4003 | Ossuary  | Reached XP level 8. HP: 67/67 MP: 14/14
  4430 | D:4      | Killed Natasha
  4552 | D:4      | Noticed Natasha
  4561 | D:4      | Killed Natasha
  4611 | D:5      | Entered Level 5 of the Dungeon
  5103 | D:5      | Found a transporter.
  5178 | D:5      | Found a transporter.
  5274 | D:5      | Reached * piety under Hepliaklqana
  5860 | D:6      | Reached XP level 9. HP: 56/65 MP: 16/16
  5865 | D:6      | Learned a level 4 spell: Flame Wave
  5936 | D:6      | Identified a scroll of acquirement
  5936 | D:6      | Acquired a +5 ring of evasion
  5984 | D:6      | Reached skill level 5 in Spellcasting
  6119 | D:6      | Noticed Edmund
  6135 | D:6      | Killed Edmund
  6144 | D:6      | Noticed Blork the orc
  6151 | D:6      | Killed Blork the orc
  6414 | D:6      | You fall into a shaft and drop 2 floors!
  6446 | D:8      | Found Zarchouc's Lightly-Used Armoury.
  7058 | D:7      | Reached ** piety under Hepliaklqana
  7059 | D:7      | Remembered your ancestor Illuratum as a battlemage
  7140 | D:7      | Reached skill level 8 in Fighting
  7447 | D:7      | Reached skill level 5 in Invocations
  7948 | D:8      | Noticed a two-headed ogre
  7962 | D:8      | Killed a two-headed ogre
  7963 | D:8      | Reached skill level 5 in Short Blades
  7963 | D:8      | Reached skill level 5 in Long Blades
  7963 | D:8      | Reached skill level 5 in Axes
  7963 | D:8      | Reached skill level 5 in Maces & Flails
  7963 | D:8      | Reached skill level 5 in Polearms
  7963 | D:8      | Reached skill level 5 in Staves
  7963 | D:8      | Reached skill level 5 in Ranged Weapons
  7963 | D:8      | Reached skill level 5 in Throwing
  7963 | D:8      | Reached skill level 5 in Armour
  7963 | D:8      | Reached skill level 5 in Dodging
  7963 | D:8      | Reached skill level 5 in Stealth
  7963 | D:8      | Reached skill level 5 in Shields
  7963 | D:8      | Reached skill level 5 in Unarmed Combat
  7963 | D:8      | Reached skill level 5 in Evocations
  7963 | D:8      | Reached XP level 10. HP: 73/73 MP: 17/19
  8698 | D:9      | Noticed a two-headed ogre
  8709 | D:9      | Killed a two-headed ogre
  8729 | D:9      | Reached skill level 9 in Fighting
  9016 | D:9      | Reached skill level 5 in Hexes
  9016 | D:9      | Reached skill level 5 in Summonings
  9016 | D:9      | Reached skill level 5 in Necromancy
  9016 | D:9      | Reached skill level 5 in Translocations
  9016 | D:9      | Reached skill level 5 in Transmutations
  9016 | D:9      | Reached skill level 5 in Ice Magic
  9016 | D:9      | Reached skill level 5 in Air Magic
  9016 | D:9      | Reached skill level 5 in Earth Magic
  9016 | D:9      | Reached skill level 5 in Poison Magic
  9016 | D:9      | Reached XP level 11. HP: 80/80 MP: 21/21
  9204 | D:9      | Noticed a +0 spear
  9204 | D:9      | Noticed a +0 falchion
  9204 | D:9      | Noticed a +0 dagger
  9205 | D:9      | Noticed a +0 short sword
  9205 | D:9      | Noticed a +0 short sword
  9206 | D:9      | Noticed a +0 falchion
  9206 | D:9      | Noticed a +0 dagger
  9207 | D:9      | Noticed a +0 spear
  9209 | D:9      | Found a hide-covered altar of Uskayaw.
  9209 | D:9      | Noticed a two-headed ogre
  9230 | D:9      | Killed a two-headed ogre
  9413 | D:9      | Reached *** piety under Hepliaklqana
  9608 | D:9      | Identified the +0 ring mail of Sloth {rC+ Regen+ Slay+3}
  9711 | D:9      | Found a radiant altar of Vehumet.
  9875 | D:9      | Found a staircase to the Orcish Mines.
  9956 | D:10     | Entered Level 10 of the Dungeon
  9956 | D:10     | Noticed a two-headed ogre
  9960 | D:10     | Killed a two-headed ogre
 10205 | D:10     | Noticed a death yak
 10209 | D:10     | Noticed a death yak
 10213 | D:10     | Noticed a death yak
 10215 | D:10     | Killed a death yak
 10218 | D:10     | Killed a death yak
 10227 | D:10     | Killed a death yak
 10229 | D:10     | Found a staircase to the Lair.
 10689 | D:10     | Found an iron altar of Okawaru.
 10690 | D:10     | Found a white marble altar of Elyvilon.
 10887 | Lair:1   | Entered Level 1 of the Lair of Beasts
 11064 | D:10     | Upgraded the game from 0.30-a0-1008-g30c9307041 to
                  | 0.30-a0-1016-gfb0d676c02
 11305 | D:11     | Noticed a skeletal warrior
 11305 | D:11     | Noticed a skeletal warrior
 11310 | D:11     | Noticed a skeletal warrior
 11310 | D:11     | Noticed a skeletal warrior
 11312 | D:11     | Killed a skeletal warrior
 11313 | D:11     | Reached XP level 12. HP: 54/87 MP: 23/23
 11319 | D:11     | Mangled by a skeletal warrior

Illustrated notes

Levels and vault maps discovered:
D:1:      giann_horns, layout_basic
D:2:      layout_loops_ring, basic_altar
D:3:      layout_loops_ring, ebering_ecumenical_altar_ruins
D:4:      layout_rooms, minmay_temple_entry_drinking_statues, enter_ossuary_1,
          uniq_natasha, uniq_grinder
D:5:      gammafunk_cloud_chamber, layout_basic
D:6:      layout_basic, uniq_blork_the_orc, uniq_edmund
D:7:      layout_loops_cross, dk_vineyard_3
D:8:      layout_rooms, grunt_decor_mini_mirrors, minmay_shop_damaged
D:9:      layout_rooms, nicolae_uskayaw_en_pointe, kennysheep_mini_moat,
          hiddenorc1_lemuel, minmay_increasing_density
D:10:     layout_loops_cross, minitemple, dpeg_lair_monsters,
          minmay_misc_feat_diagonals
D:11:     layout_cave_pods
Temple:   eino_narrow_crystal_temple
Lair:1:   layout_hall_layers, gauntlet_entry_generic,
          infiniplex_staircase_pool_2, lemuel_fruit_tree, grunt_megastairs_3,
          serial_bayou_shore_a

Skill      XL: |  1  2  3  4  5  6  7  8  9 10 11 |
---------------+----------------------------------+-----
Invocations    | 1 2 3 4 5 6 7 |  7.8
Short Blades   | 1 2 3 5 6 7 |  7.1
Long Blades    | 1 2 3 5 6 7 |  7.1
Axes           | 1 2 3 5 6 7 |  7.1
Maces & Flails | 1 2 3 5 6 7 |  7.1
Polearms       | 1 2 3 5 6 7 |  7.1
Staves         | 1 2 3 5 6 7 |  7.1
Ranged Weapons | 1 2 3 5 6 7 |  7.1
Throwing       | 1 2 3 5 6 7 |  7.1
Armour         | 1 2 3 5 6 7 |  7.1
Dodging        | 1 2 3 5 6 7 |  7.1
Stealth        | 1 2 3 5 6 7 |  7.1
Shields        | 1 2 3 5 6 7 |  7.1
Unarmed Combat | 1 2 3 5 6 7 |  7.1
Evocations     | 1 2 3 5 6 7 |  7.1
Spellcasting   | 3 4 6 7 |  7.7
Hexes          | 1 2 3 4 5 |  5.9
Summonings     | 1 2 3 4 5 |  5.9
Necromancy     | 1 2 3 4 5 |  5.9
Translocations | 1 2 3 4 5 |  5.9
Transmutations | 1 2 3 4 5 |  5.9
Ice Magic      | 1 2 3 4 5 |  5.9
Air Magic      | 1 2 3 4 5 |  5.9
Earth Magic    | 1 2 3 4 5 |  5.9
Poison Magic   | 1 2 3 4 5 |  5.9
Fighting       | 7 8 9 |  9.7
Conjurations   | 6 7 8 |  8.1
Fire Magic     | 6 7 8 |  8.1

Action                     |  1- 3 |  4- 6 |  7- 9 | 10-12 || total
---------------------------+-------+-------+-------+-------++-------
  Melee: Spear             |    86 |       |       |       ||    86
         Club              |    12 |       |       |       ||    12
         Bite              |     7 |    11 |    41 |    13 ||    72
         Punch             |     2 |     4 |    13 |     1 ||    20
         Short sword       |    25 |    86 |   353 |    33 ||   497
         Dire flail        |       |       |       |    91 ||    91
   Fire: Shortbow          |       |       |       |    11 ||    11
  Throw: Stone             |       |       |    18 |       ||    18
         Dart              |       |       |     3 |    12 ||    15
   Cast: Foxfire           |    17 |    21 |     2 |     2 ||    42
         Flame Wave        |       |       |     2 |     4 ||     6
         Stone Arrow       |       |       |       |     4 ||     4
 Invoke: Recall Ancestor   |       |       |     1 |       ||     1
         Ancestor Life: Ba |       |       |     1 |       ||     1
  Evoke: Wand              |       |     1 |     1 |     9 ||    11
    Use: Scroll            |     7 |     4 |     7 |     9 ||    27
         Potion            |     1 |     1 |     2 |    15 ||    19
   Stab: Sleeping          |     1 |     1 |     4 |     1 ||     7
         Distracted        |       |       |     3 |     1 ||     4
 Armour: Robe              |    29 |    14 |    60 |    36 ||   139
         Skin              |       |       |       |     2 ||     2
  Dodge: Dodged            |    77 |    51 |   201 |   223 ||   552

Table legend: (Time is in decaauts)
 A = Elapsed time spent in this place.
 B = Non-inter-level travel time spent in this place.
 C = Inter-level travel time spent in this place.
 D = Time resting spent in this place.
 E = Time spent auto-exploring this place.
 F = Levels seen in this place.
 G = Mean time per level.
                   A        B        C        D        E       F      G
               +--------+--------+--------+--------+--------+-----+--------+
         Total |  11305 |  10975 |    330 |   1646 |   7287 |  14 |  807.5 |
       Dungeon |   9833 |   9552 |    281 |   1273 |   6620 |  11 |  893.9 |
        Temple |    240 |    199 |     41 |      0 |    187 |   1 |  240.0 |
          Lair |     56 |     48 |      8 |      0 |      5 |   1 |   56.0 |
       Ossuary |   1175 |   1175 |      0 |    373 |    475 |   1 | 1175.0 |
               +--------+--------+--------+--------+--------+-----+--------+

Top non-repeatable levels by time:
     D:5: 1202 daAuts
 Ossuary: 1175 daAuts
     D:9: 1118 daAuts
    D:10: 1087 daAuts
     D:6: 1084 daAuts
     D:8: 1061 daAuts
     D:1: 1016 daAuts
     D:7: 854 daAuts
     D:3: 838 daAuts
     D:2: 814 daAuts
     D:4: 515 daAuts
  Temple: 240 daAuts
    D:11: 238 daAuts
  Lair:1: 56 daAuts
